 Dungeon Crawl Stone Soup version 0.29.1-1-gd02db6906a (webtiles) character file.

Game seed: 17724552459622279722

893 firemarshallily the Covert (level 8, -10/73 HPs)
             Began as a Naga Brigand on Oct 23, 2022.
             Mangled by an ogre
             ... wielding a +0 giant club
              (27 damage)
             ... on level 5 of the Dungeon.
             The game lasted 00:17:02 (4672 turns).

firemarshallily the Covert (Naga Brigand)           Turns: 4672, Time: 00:17:03

Health: -10/73     AC:  8    Str: 13 (14) XL:     8   Next: 6%
Magic:  8/8        EV:  9    Int: 11      God:
Gold:   269        SH:  0    Dex: 15      Spells: 7/7 levels left

rFire   . . .      SeeInvis +   a - +2 dagger
rCold   . . .      Faith    .   (no shield)
rNeg    . . .      Spirit   .   b - +0 robe
rPois   +          Reflect  .   (no helmet)
rElec   .          Harm     .   c - +0 cloak
rCorr   .          Rampage  .   (no gloves)
Will    +....                   (no barding)
Stlth   +++++.....              (no amulet)
HPRegen 0.22/turn               t - +4 ring of protection
MPRegen 0.11/turn               (no ring)

@: brilliant, short of breath, hasted, invisible, quick
A: AC +2, large, see invisible, deformed body, poison resistance, slowness 2,
spit poison 1, naga tail 1, wild magic 1
a: Spit Poison


You were on level 5 of the Dungeon.
You visited 1 branch of the dungeon, and saw 5 of its levels.
You also visited: Sewer.

You collected 269 gold pieces.

Inventory:

Hand Weapons
 a - a +2 dagger (weapon)
 g - a +1 dagger of speed
Missiles
 d - 19 poisoned darts
 e - 3 curare-tipped darts
 p - 32 stones
 w - 4 atropa-tipped darts
Armour
 b - a +0 robe (worn)
 c - a +0 cloak (worn)
Jewellery
 t - a +4 ring of protection (left hand)
Scrolls
 f - a scroll of fear {unknown}
 l - 5 scrolls of teleportation
 o - 2 scrolls of noise
 u - a scroll of summoning
 v - a scroll of immolation
 x - 2 scrolls of enchant armour
Potions
 j - 2 potions of mutation
 n - a potion of haste
 r - a potion of brilliance
 s - 2 potions of resistance {unknown}


   Skills:
 + Level 4.3 Fighting
 * Level 5.9 Short Blades
 - Level 1.7 Throwing
 - Level 0.7 Dodging
 * Level 10.5 Stealth


You had 7 spell levels left.
You didn't know any spells.
Your spell library contained the following spells:

 Spells                   Type           Power      Damage    Failure   Level
 Blink                    Tloc           0%         N/A       56%         2
 Poisonous Vapours        Pois/Air       0%         N/A       56%         2
 Corpse Rot               Necr/Pois/Air  0%         N/A       99%         4
 Ice Form                 Ice/Tmut       0%         N/A       99%         4
 Passage of Golubria      Tloc           0%         N/A       99%         4
 Polar Vortex             Ice            0%         N/A       100%        9


Dungeon Overview and Level Annotations

Branches:
Dungeon (5/15)              Sewer (visited)
 Temple: D:4-7

Altars:
Wu Jian
The Shining One

Shops:
D:5 [

Annotations:
D:5 Eustachio


Innate Abilities, Weirdness & Mutations

Your serpentine skin is tough. (AC +2)
You have supernaturally acute eyesight. (SInv)
Armour fits poorly on your strangely shaped body.
Your system is resistant to poisons. (rPois)
You cover ground very slowly.
You can spit poison.
You have a snake-like lower body.
Your spells are a little harder to cast, but a little more powerful.


Message History

You hit the ogre.
The ogre is lightly wounded.
The bat closely misses you. The ogre misses you.
The river rat bites you but does no damage.
You hit the ogre.
The ogre is lightly wounded.
The bat hits you but does no damage.
You hit the ogre.
The ogre is moderately wounded.
The bat barely misses you. The river rat bites you. The ufetubus misses you.
The ufetubus closely misses you.
You completely miss the ogre.
The ogre is moderately wounded.
The ogre barely misses you.
You hit the ogre.
The ogre is moderately wounded.
You have got your breath back.
The ufetubus barely misses you. The ufetubus closely misses you.
The river rat barely misses you.
Aiming: Spit Poison (1% risk of failure)
Press: ? - help, Q - select action, (/) - cycle Shift-Dir - straight line, f/p - Eustachio
Aim: Eustachio, wielding a +1 rapier of venom and wearing a +0 leather armour (severely wounded, 51% to hit)
The splash of poison hits Eustachio but does no damage.
Eustachio is poisoned.
Eustachio is severely wounded.
The bat hits you. The ufetubus closely misses you.
The ufetubus barely misses you. The ogre barely misses you.
Eustachio hits you with a +1 rapier of venom!
* * * LOW HITPOINT WARNING * * *
It was a potion of invisibility.
You fade into invisibility!
The river rat closely misses you. The bat hits you but does no damage.
It was a potion of brilliance.
You feel clever all of a sudden. The bat hits you but does no damage.
Eustachio hits you but does no damage.
The river rat bites you but does no damage.
You hit Eustachio but do no damage.
Eustachio is severely wounded.
The ogre hits you with a +0 giant club!!
You die...

..>.............###......
................##.......
................##.......
................##.......
................#........
.............<..#.##.....
........l......##.###....
#.....rb5....##..##.....
####..O@5.....#.#.......
####.@...............
########..........
#.......... ##....>.....
#........... ###########
##.......... ..........#
##......... ≈~~~~~~~~.#
##<.......


You could see Eustachio (wandering, unable to see you, poisoned), an ogre
(unable to see you), an iguana (unable to see you), a river rat (summoned,
unable to see you), a white imp (summoned, unable to see you), an ufetubus
(summoned, unable to see you) and a bat (summoned).

Vanquished Creatures
  Pikel (D:4)
  2 lemures (D:4)
  A phantom (D:5)
  A bullfrog (D:4)
  2 hounds (D:4)
  An iguana (D:5)
  7 river rats
  7 adders
  2 worms
  A dart slug (D:2)
  An orc (D:4)
  10 bats
  3 endoplasms
  5 giant cockroaches
  5 goblins
  6 hobgoblins
  5 jackals
  8 ball pythons
  3 frilled lizards
  14 kobolds
  10 rats
95 creatures vanquished.

Vanquished Creatures (others)
  9 plants
9 creatures vanquished.

Grand Total: 104 creatures vanquished

Notes
Turn   | Place    | Note
-------+----------+-------------------------------------------
     0 | D:1      | firemarshallily the Naga Brigand began the quest for the
                  | Orb.
     0 | D:1      | Reached XP level 1. HP: 19/19 MP: 1/1
   105 | D:1      | Reached skill level 6 in Stealth
   161 | D:1      | Reached XP level 2. HP: 21/26 MP: 2/2
   405 | D:1      | Got Sif Muna's Folio of Superposition and Snow
   610 | D:2      | Reached XP level 3. HP: 30/33 MP: 3/3
  1042 | D:2      | Found a faded altar of an unknown god.
  1059 | D:2      | Reached XP level 4. HP: 40/40 MP: 4/4
  1525 | D:3      | Reached skill level 7 in Stealth
  1984 | D:4      | Noticed a bullfrog
  2033 | D:4      | Killed a bullfrog
  2034 | D:4      | Reached XP level 5. HP: 37/49 MP: 5/5
  2071 | D:4      | Noticed Pikel
  2114 | D:4      | Reached skill level 8 in Stealth
  2190 | D:4      | Reached XP level 6. HP: 20/56 MP: 6/6
  2196 | D:4      | Found a glowing drain.
  2384 | Sewer    | Entered a sewer
  3795 | D:4      | Gained mutation: Your spells are a little harder to cast,
                  | but a little more powerful. [potion of mutation]
  3850 | D:4      | Killed Pikel
  3851 | D:4      | Reached skill level 5 in Short Blades
  3851 | D:4      | Reached skill level 10 in Stealth
  3851 | D:4      | Reached XP level 7. HP: 23/64 MP: 7/7
  4116 | D:4      | Found a glowing golden altar of the Shining One.
  4257 | D:4      | Found an ornate altar of the Wu Jian Council.
  4262 | D:4      | Noticed a spectral centipede
  4262 | D:4      | Noticed a spectral black mamba
  4262 | D:4      | Noticed a spectral cane toad
  4321 | D:5      | Entered Level 5 of the Dungeon
  4538 | D:5      | Reached XP level 8. HP: 73/73 MP: 8/8
  4550 | D:5      | Found Piodott's Antique Armour Shop.
  4646 | D:5      | Noticed Eustachio
  4672 | D:5      | Mangled by an ogre

Illustrated notes

Levels and vault maps discovered:
D:1:      dpeg_arrival_tiny_f, layout_basic
D:2:      minmay_inner_zag, layout_basic, ebering_ecumenical_altar_webs
D:3:      layout_loops_ring
D:4:      layout_cave_pools, tso_oasis_becter, pdpol_wu_jian_five_deadly_venoms,
          portal_sewer_entry_e, uniq_pikel
D:5:      layout_cave_pods, serial_shops, nicolae_shop_behind_doors,
          nrook_pool_corridor, uniq_eustachio

Skill      XL: |  1  2  3  4  5  6 |
---------------+-------------------+-----
Stealth        | 6 7 8 10 | 10.5
Short Blades   | 3 4 5 |  5.9
Fighting       | 3 4 |  4.3
Throwing       | |  1.7
Dodging        | |  0.7

Action                   |  1- 3 |  4- 6 |  7- 9 || total
-------------------------+-------+-------+-------++-------
Melee: Dagger            |    39 |   268 |    38 ||   345
       Punch             |     1 |     9 |     1 ||    11
Throw: Stone             |       |       |     3 ||     3
 Abil: Spit Poison       |    31 |    43 |     7 ||    81
  Use: Scroll            |       |     8 |       ||     8
       Potion            |       |    11 |     5 ||    16
 Stab: Sleeping          |     3 |     5 |       ||     8
Armor: Robe              |    14 |    82 |    13 ||   109
       Skin              |       |    59 |       ||    59
Dodge: Dodged            |    14 |   127 |    24 ||   165
